 Dungeon Crawl Stone Soup version 0.19.5 (webtiles) character file.

71 Keye the Poker (level 4, -2/40 HPs)
             Began as a Naga Gladiator on May 7, 2017.
             Slain by a gnoll
             ... wielding a +0 flail
              (3 damage)
             ... on level 2 of the Dungeon.
             The game lasted 00:03:22 (1038 turns).

Keye the Poker (Naga Gladiator)                     Turns: 1038, Time: 00:03:22

Health: -2/40      AC:  9    Str: 18    XL:     4   Next: 24%
Magic:  4/4        EV:  8    Int:  8    God:
Gold:   87         SH:  0    Dex: 12    Spells: 0 memorised, 3 levels left

rFire  . . .     SeeInvis +     a - +0 trident
rCold  . . .     Gourm    .     b - +0 leather armour
rNeg   . . .     Faith    .     (no shield)
rPois  +         Spirit   .     c - +0 helmet
rElec  .         Reflect  .     (no cloak)
rCorr  .         Harm     .     o - +0 pair of gloves (curse)
MR     .....                    h - +0 naga barding
Stlth  +.........               (no amulet)
                                (no ring)
                                (no ring)

@: very slow
A: rugged brown scales 1, see invisible, deformed body, poison resistance,
slowness 2, slow metabolism 1, spit poison 1, AC +1
a: Spit Poison


You were on level 2 of the Dungeon.
You were not hungry.

You visited 1 branch of the dungeon, and saw 2 of its levels.

You collected 87 gold pieces.

Inventory:

Hand Weapons
 a - a +0 trident (weapon)
Missiles
 d - 3 throwing nets (quivered)
Armour
 b - a +0 leather armour (worn)
 c - a +0 helmet (worn)
 h - a +0 naga barding (worn)
 o - a cursed +0 pair of gloves (worn)
Jewellery
 j - an uncursed ring of poison resistance {unknown}
Scrolls
 g - 2 scrolls of teleportation {unknown}
 i - a scroll of enchant armour {unknown}
 m - 2 scrolls of noise {unknown}
 n - a scroll of magic mapping {unknown}
Potions
 l - a potion of flight {unknown}
 p - a potion of haste {unknown}
 r - a potion of curing {unknown}
Comestibles
 f - 3 bread rations
 k - 3 fruits
 q - 5 chunks of flesh


   Skills:
 - Level 2.0 Fighting
 + Level 4.9 Polearms
 - Level 1.7 Throwing
 - Level 2.4 Dodging


You had 3 spell levels left.
You didn't know any spells.

Dungeon Overview and Level Annotations

Branches:
Dungeon (2/15)

Altars:


Innate Abilities, Weirdness & Mutations

You cannot wear boots.
Your serpentine skin is tough. (AC +1)
You have supernaturally acute eyesight. (SInv)
Armour fits poorly on your strangely shaped body.
Your system is resistant to poisons. (rPois)
You cover ground very slowly.
You have a slow metabolism.
You can spit poison.
You are partially covered in rugged brown scales. (AC +1, +3% HP)


Message History

You feel sick.
* * * LOW HITPOINT WARNING * * *
You feel sick.
* * * LOW HITPOINT WARNING * * *
You feel sick.
* * * LOW HITPOINT WARNING * * *
You feel sick.
* * * LOW HITPOINT WARNING * * *
You feel sick.
* * * LOW HITPOINT WARNING * * *
You feel sick.
* * * LOW HITPOINT WARNING * * *
You feel sick.
You are no longer poisoned.
You start resting.
The gnoll shouts!
The gnoll hits you with a flail.
* * * LOW HITPOINT WARNING * * *
The gnoll hits you with a flail.
You die...

####.###
.###.....###.####
#......# ..#..##.# #.#
#.##.#.# # #.#g....# #.#
#....#.# #.##.#.#####
#+# #..###.# #......#
#......# ####.###
##..#### ##.##
###...###########g..####
....(...........@.....(+
###...####.######...####
#........## ##.##
#.##.###..# #.#
#.....)##.# #.#
####.##...# #.# #..###.#
..# ######......# ##
............#


You could see 2 gnolls.

Vanquished Creatures
  Terence (D:2)
  A gnoll (D:2)
  An adder (D:2)
  An ooze (D:1)
  2 leopard geckos
  4 giant cockroaches (D:1)
  5 kobolds (D:1)
  3 bats
  2 frilled lizards
  2 goblins (D:1)
  2 rats
24 creatures vanquished.

Notes
Turn   | Place    | Note
-------+----------+-------------------------------------------
     0 | D:1      | Keye the Naga Gladiator began the quest for the Orb.
     0 | D:1      | Reached XP level 1. HP: 19/19 MP: 1/1
   373 | D:1      | Reached XP level 2. HP: 26/26 MP: 2/2
   729 | D:1      | Reached skill level 4 in Polearms
   897 | D:2      | Reached XP level 3. HP: 32/32 MP: 3/3
   902 | D:2      | Noticed Terence
   910 | D:2      | Killed Terence
   932 | D:2      | Reached XP level 4. HP: 35/39 MP: 4/4
  1004 | D:2      | Gained mutation: You are partially covered in rugged brown scales. (AC +1, +3% HP) [potion of beneficial mutation]
  1013 | D:2      | HP: 2/40 [poisoned by a gnoll]
  1019 | D:2      | HP: 1/40 [poisoned by a gnoll]
  1038 | D:2      | HP: 1/40 [gnoll/flail (3)]
  1038 | D:2      | Slain by a gnoll

Skill      XL: |  1  2 |
---------------+-------+-----
Polearms       | 4 |  4.9
Fighting       | |  2.0
Throwing       | |  1.7
Dodging        | |  2.4

Action                   |  1- 3 |  4- 6 || total
-------------------------+-------+-------++-------
Melee: Trident           |    67 |    16 ||    83
  Use: Scroll            |       |     1 ||     1
       Potion            |       |     1 ||     1
Armor: Leather armour    |    21 |     5 ||    26
Dodge: Dodged            |    16 |     5 ||    21
